 Dungeon Crawl Stone Soup version 0.27-a0-1525-g1038ab4fd7 (webtiles) character file.

Game seed: 1403718938656047641

106 hatdisgam the Chiller (level 4, -1/24 HPs)
             Began as a Gargoyle Ice Elementalist on July 11, 2021.
             Slain by a bullfrog zombie (4 damage)
             ... on level 4 of the Dungeon.
             The game lasted 00:05:17 (4358 turns).

hatdisgam the Chiller (Gargoyle Ice Elementalist)   Turns: 4358, Time: 00:05:18

Health: -1/24      AC:  5    Str: 12    XL:     4   Next: 84%
Magic:  8/8        EV: 11    Int: 16    God:
Gold:   119        SH:  0    Dex: 10    Spells: 3/8 levels left

rFire    . . .     SeeInvis .   b - +0 dagger
rCold    . . .     Faith    .   (no shield)
rNeg     + . .     Spirit   .   a - +0 robe
rPois    ∞         Reflect  .   (no helmet)
rElec    +         Harm     .   g - scarf {+Inv}
rCorr    .         Rampage  .   (no gloves)
Will     .....                  (no boots)
Stlth    ++........             (no amulet)
HPRegen  0.08/turn              l - ring of flight
MPRegen  0.11/turn              (no ring)

@: flying
A: sickness immunity, AC +3, negative energy resistance 1, electricity
resistance, torment resistance 1, petrification resistance
a: Evoke Invisibility


You were on level 4 of the Dungeon.
You visited 1 branch of the dungeon, and saw 4 of its levels.

You collected 119 gold pieces.

Inventory:

Hand Weapons
 b - a +0 dagger (weapon)
Armour
 a - a +0 robe (worn)
 g - a scarf of invisibility (worn)
Jewellery
 l - a ring of flight (left hand)
Scrolls
 c - a scroll of noise {unknown}
 d - 3 scrolls of magic mapping {unknown}
 f - a scroll of teleportation {unknown}
 j - a scroll of immolation {unknown}
 k - a scroll of summoning {unknown}
 m - a scroll of amnesia {unknown}
 o - a scroll of brand weapon {unknown}
Potions
 e - a potion of degeneration {unknown}
 h - a potion of magic
 i - a potion of haste {unknown}
 n - a potion of curing {unknown}


   Skills:
 + Level 0.6 Fighting
 - Level 1.5 Dodging
 - Level 2.1 Stealth
 - Level 2.7 Spellcasting
 * Level 5.3 Ice Magic
 * Level 1.2 Poison Magic


You had 3 spell levels left.
You knew the following spells:

 Your Spells              Type           Power      Damage    Failure   Level
a - Freeze                Ice            76%        1d9       2%          1
b - Frozen Ramparts       Ice            38%        1d5       6%          3
c - Sting                 Tmut/Pois      16%        1d3       16%         1

Your spell library contained the following spells:

 Spells                   Type           Power      Damage    Failure   Level
 Ozocubu's Armour         Ice            19%        N/A       6%          3
 Poisonous Vapours        Pois/Air       8%         N/A       22%         2
 Hailstorm                Conj/Ice       10%        3d5       54%         4
 Olgreb's Toxic Radiance  Pois           6%         N/A       75%         4


Dungeon Overview and Level Annotations

Branches:
Dungeon (4/15)
 Temple: D:4-7

Altars:


Innate Abilities, Weirdness & Mutations

You are immune to sickness and miasma.
Your stone body is resilient. (AC +3)
You are immune to poison.
You resist negative energy. (rN+)
You are resistant to electric shocks. (rElec)
You are resistant to unholy torment.
You are immune to petrification.


Message History

The bullfrog zombie hits you.
* * * LOW HITPOINT WARNING * * *
You hit the bullfrog zombie.
The bullfrog zombie is almost destroyed.
The bullfrog zombie closely misses you.
Casting: Freeze (safe; 2% risk of failure)
Confirm with . or Enter, or press ? or * to list all spells.
Aiming: Freeze (safe; 2% risk of failure)
Press: ? - help, Shift-Dir - straight line, f - bullfrog zombie
Aim: a bullfrog zombie (almost destroyed)
You freeze the bullfrog zombie but do no damage.
The bullfrog zombie completely resists.
The bullfrog zombie hits you but does no damage.
The bullfrog zombie hits you.
* * * LOW HITPOINT WARNING * * *
You barely miss the bullfrog zombie.
The bullfrog zombie is almost destroyed.
The bullfrog zombie closely misses you.
Casting: Freeze (safe; 2% risk of failure)
Confirm with . or Enter, or press ? or * to list all spells.
Aiming: Freeze (safe; 2% risk of failure)
Press: ? - help, Shift-Dir - straight line, f/p - bullfrog zombie
Aim: a bullfrog zombie (almost destroyed)
You freeze the bullfrog zombie but do no damage.
The bullfrog zombie completely resists.
The bullfrog zombie barely misses you.
Unknown command.
You hit the bullfrog zombie.
The bullfrog zombie is almost destroyed.
The bullfrog zombie barely misses you.
You hit the bullfrog zombie but do no damage.
The bullfrog zombie is almost destroyed.
The bullfrog zombie hits you.
* * * LOW HITPOINT WARNING * * *
The bullfrog zombie completely misses you.
You hit the bullfrog zombie but do no damage.
The bullfrog zombie is almost destroyed.
The bullfrog zombie hits you but does no damage.
It was a potion of magic.
Magic courses through your body. The bullfrog zombie hits you.
You die...

.# ... ...? ... #.!. .. ...
.. #.....##!. ... .. #..
...#.. ... .## #.##.....#
...# #.. ...###........
##.##..# #.##.Z......#
.......# #.#..@......#
.......## #.##........#
........# ##..........##
.......# #..####......##..
.......#####.## #..........
.......#.###..##....).##...
.#...................## #
##.......###.........#
#....##..# #..###....#


You could see a bullfrog zombie.

Vanquished Creatures
  3 adders
  An ufetubus (D:4)
  A worm (D:4)
  2 dart slugs
  12 ball pythons
  5 bats
  2 endoplasms (D:1)
  2 giant cockroaches (D:1)
  7 goblins
  7 hobgoblins
  3 jackals (D:3)
  6 kobolds
  3 quokkas
  2 frilled lizards (D:1)
  5 rats
61 creatures vanquished.

Notes
Turn   | Place    | Note
-------+----------+-------------------------------------------
     0 | D:1      | hatdisgam the Gargoyle Ice Elementalist began the quest for
                  | the Orb.
     0 | D:1      | Reached XP level 1. HP: 10/10 MP: 3/3
   163 | D:1      | Reached XP level 2. HP: 7/15 MP: 1/5
  1139 | D:1      | Found a faded altar of an unknown god.
  1204 | D:1      | Reached XP level 3. HP: 19/19 MP: 6/6
  2146 | D:2      | Learned a level 3 spell: Frozen Ramparts
  2868 | D:3      | Reached skill level 5 in Ice Magic
  2868 | D:3      | Reached XP level 4. HP: 24/24 MP: 4/8
  2956 | D:3      | Learned a level 1 spell: Sting
  3850 | D:3      | Reached skill level 1 in Poison Magic
  4358 | D:4      | Slain by a bullfrog zombie

Illustrated notes

Levels and vault maps discovered:
D:1:      nicolae_arrival_washed_ashore, layout_basic,
          chequers_ecumenical_altar_lobes, st_stairs_8,
          kennysheep_decorative_pillar
D:2:      layout_rooms, minmay_pentomino_t2
D:3:      layout_loops_corners
D:4:      layout_cave_pools, hangedman_decor_growths, uniq_grinder, uniq_robin

Skill      XL: |  1  2  3  4 |
---------------+-------------+-----
Ice Magic      | 5 |  5.3
Poison Magic   | 1 |  1.2
Fighting       | |  0.6
Dodging        | |  1.5
Stealth        | |  2.1
Spellcasting   | |  2.7

Action                   |  1- 3 |  4- 6 || total
-------------------------+-------+-------++-------
Melee: Dagger            |    76 |    70 ||   146
       Unarmed           |     4 |       ||     4
 Cast: Freeze            |    29 |    23 ||    52
       Frozen Ramparts   |     1 |     1 ||     2
       Sting             |       |     8 ||     8
  Use: Potion            |       |     1 ||     1
 Stab: Sleeping          |     3 |     4 ||     7
Armor: Robe              |    57 |    27 ||    84
Dodge: Dodged            |    79 |    51 ||   130

Table legend: (Time is in decaauts)
 A = Elapsed time spent in this place.
 B = Non-inter-level travel time spent in this place.
 C = Inter-level travel time spent in this place.
 D = Time resting spent in this place.
 E = Time spent auto-exploring this place.
 F = Levels seen in this place.
 G = Mean time per level.
                   A        B        C        D        E       F      G
               +--------+--------+--------+--------+--------+-----+--------+
         Total |   4356 |   4222 |    134 |    181 |   3531 |   4 | 1089.0 |
       Dungeon |   4356 |   4222 |    134 |    181 |   3531 |   4 | 1089.0 |
               +--------+--------+--------+--------+--------+-----+--------+

Top non-repeatable levels by time:
     D:1: 1961 daAuts
     D:3: 1189 daAuts
     D:2: 900 daAuts
     D:4: 304 daAuts
